 Dungeon Crawl Stone Soup version 0.24.0-125-gc4c63601f3 (webtiles) character file.

Game seed: 10122726814411856292, levelgen mode: deterministic

188934 Dustman the Warrior (level 18, -11/173 HPs)
             Began as a Ghoul Monk on Mar 9, 2020.
             Was a High Priest of Makhleb.
             Mangled by a black mamba (17 damage)
             ... on level 4 of the Snake Pit.
             The game lasted 03:52:49 (20434 turns).

Dustman the Warrior (Ghoul Monk)                   Turns: 20434, Time: 03:52:50

Health: -11/173    AC: 19    Str: 23    XL:     18   Next: 11%
Magic:  20/23      EV: 20    Int: 10    God:    Makhleb [*****.]
Gold:   1126       SH:  9    Dex: 16    Spells: 24/25 levels left

rFire    + + .     SeeInvis +     - Unarmed
rCold    + + +     Gourm    .   q - +3 buckler {AC+3}
rNeg     + + +     Faith    .   f - quicksilver dragon scales
rPois    ∞         Spirit   .   C - +1 hat {SInv}
rElec    +         Reflect  .   E - scarf {rC+ rF+}
rCorr    +         Harm     .   (no gloves)
MR       +++..                  J - +0 pair of boots
Stlth    +++.......             K - amulet of regeneration
HPRegen  0.00/turn              e - ring of protection from magic
MPRegen  0.18/turn              i - ring of Mitub {rPois Int+5 Stlth+}

@: mighty, resistant, rotting, hasted (expiring), very quick
A: rotting body, claws 1, carnivore, cold resistance 1, negative energy
resistance 3, inhibited regeneration, torment resistance, unbreathing
}: 1/15 runes: serpentine
a: Minor Destruction, Lesser Servant of Makhleb, Major Destruction, Greater
Servant of Makhleb, Renounce Religion


You were on level 4 of the Snake Pit.
You worshipped Makhleb.
Makhleb was extremely pleased with you.
You were not hungry.

You visited 5 branches of the dungeon, and saw 28 of its levels.
You also visited: Sewer and Ice Cave.

You collected 2914 gold pieces.
You spent 1788 gold pieces at shops.

Inventory:

Hand Weapons
 t - a +0 antimagic bardiche
 B - a +0 battleaxe of electrocution
Armour
 f - quicksilver dragon scales (worn)
 q - a +3 buckler of protection (worn)
 C - a +1 hat of see invisible (worn)
 E - a scarf of resistance (worn)
 J - a +0 pair of boots (worn)
Jewellery
 e - a ring of protection from magic (left claw)
 i - the ring of Mitub (right claw) {rPois Int+5 Stlth+}
   (You found it on level 4 of the Lair of Beasts)

   [ring of stealth]

   It affects your intelligence (+5).
   It protects you from poison.
   It makes you more stealthy.
 K - an amulet of regeneration (around neck)
Wands
 k - a wand of polymorph (12)
 n - a wand of enslavement (6)
 u - a wand of disintegration (12)
 H - a wand of clouds (9)
Scrolls
 a - 4 scrolls of immolation
 d - a scroll of enchant armour
 g - 11 scrolls of teleportation
 o - 8 scrolls of remove curse
 r - 2 scrolls of fog
 s - 3 scrolls of fear
 x - a scroll of identify
 y - 2 scrolls of enchant weapon
 F - 8 scrolls of magic mapping
Potions
 c - 2 potions of cancellation
 h - 5 potions of haste
 j - 4 potions of resistance
 l - a potion of brilliance
 m - 2 potions of might
 v - a potion of agility
 w - 3 potions of magic
 z - 3 potions of flight
Miscellaneous
 A - a sack of spiders
 D - a phial of floods
Comestibles
 b - 44 rations


   Skills:
 + Level 18.6 Fighting
 + Level 11.0 Armour
 + Level 12.5 Dodging
 - Level 4.0 Stealth
 - Level 8.0 Shields
 - Level 16.0 Unarmed Combat
 - Level 4.0 Spellcasting
 - Level 4.0 Translocations
 - Level 8.0 Invocations
 - Level 4.0 Evocations


You had 24 spell levels left.
You knew the following spells:

 Your Spells              Type           Power        Failure   Level  Hunger
a - Apportation           Tloc           ##....       7%          1    #......

Your spell library contained the following spells:

 Spells                   Type           Power        Failure   Level  Hunger
 Gell's Gravitas          Tloc           ##........   21%         3    ###....
 Lesser Beckoning         Tloc           ##........   21%         3    ###....
 Shroud of Golubria       Chrm/Tloc      #.....       24%         2    ##.....
 Animate Skeleton         Necr           N/A          34%         1    #......
 Confusing Touch          Hex            #.....       34%         1    #......
 Corona                   Hex            #......      34%         1    #......
 Flame Tongue             Conj/Fire      #....        34%         1    #......
 Infusion                 Chrm           #...         34%         1    #......
 Magic Dart               Conj           #...         34%         1    #......
 Pain                     Necr           #...         34%         1    #......
 Shock                    Conj/Air       #...         34%         1    #......
 Summon Butterflies       Summ           #.......     34%         1    #......
 Summon Small Mammal      Summ           #...         34%         1    #......
 Portal Projectile        Hex/Tloc       #.....       43%         3    ###....
 Corpse Rot               Necr           N/A          47%         2    ##.....
 Searing Ray              Conj           #.....       47%         2    ##.....
 Slow                     Hex            #.......     47%         2    ##.....
 Song of Slaying          Chrm           #.......     47%         2    ##.....
 Swiftness                Chrm/Air       #.......     47%         2    ##.....
 Throw Flame              Conj/Fire      #.....       47%         2    ##.....
 Confuse                  Hex            #.......     71%         3    ###....
 Conjure Flame            Conj/Fire      #.......     71%         3    ###....
 Dazzling Spray           Conj/Hex       #.....       71%         3    ###....
 Ignite Poison            Fire/Tmut/Pois #.......     71%         3    ###....
 Inner Flame              Hex/Fire       #.......     71%         3    ###....
 Regeneration             Chrm/Necr      #.........   71%         3    ###....
 Spectral Weapon          Hex/Chrm       #.......     71%         3    ###....
 Static Discharge         Conj/Air       #.......     71%         3    ###....
 Tukima's Dance           Hex            #.......     71%         3    ###....
 Vampiric Draining        Necr           #.........   71%         3    ###....
 Force Lance              Conj/Tloc      #.......     83%         4    #####..
 Airstrike                Air            #.........   98%         4    #####..
 Animate Dead             Necr           N/A          98%         4    #####..
 Cause Fear               Hex            #.........   98%         4    #####..
 Fulminant Prism          Conj/Hex       #.........   98%         4    #####..
 Iskenderun's Mystic Bla  Conj           #.......     98%         4    #####..
 Leda's Liquefaction      Hex/Erth       #.........   98%         4    #####..
 Petrify                  Tmut/Erth      #.......     98%         4    #####..
 Sticky Flame             Conj/Fire      #.......     98%         4    #####..
 Agony                    Necr           #.......     100%        5    ######.
 Alistair's Intoxication  Tmut/Pois      #.......     100%        5    ######.
 Bolt of Draining         Conj/Necr      #.........   100%        5    ######.
 Dispel Undead            Necr           #.......     100%        5    ######.
 Excruciating Wounds      Chrm/Necr      #.........   100%        5    ######.
 Fireball                 Conj/Fire      #.........   100%        5    ######.
 Lightning Bolt           Conj/Air       #.........   100%        5    ######.
 Metabolic Englaciation   Hex/Ice        #.........   100%        5    ######.
 Yara's Violent Unravell  Hex/Tmut       #.........   100%        5    ######.
 Bolt of Cold             Conj/Ice       #.........   100%        6    #######
 Bolt of Fire             Conj/Fire      #.........   100%        6    #######
 Freezing Cloud           Conj/Ice/Air   #.........   100%        6    #######
 Invisibility             Hex            #.......     100%        6    #######
 Ozocubu's Refrigeration  Ice            #.........   100%        6    #######
 Simulacrum               Ice/Necr       #.........   100%        6    #######
 Ring of Flames           Chrm/Fire      #.........   100%        7    #######
 Ignition                 Fire           #.........   100%        8    #######
 Sublimation of Blood     Necr           Unusable     N/A         2    N/A
 Ice Form                 Ice/Tmut       Unusable     N/A         4    N/A

Dungeon Overview and Level Annotations

Branches:
Dungeon (15/15)            Temple (1/1) D:7            Lair (6/6) D:11
 Shoals (0/4) Lair:2        Snake (4/4) Lair:4        Slime (0/5) Lair:6
    Orc (2/2) D:11            Elf (0/3) Orc:2        Vaults (0/5) D:14
  Sewer (visited)           IceCv (visited)
 Depths: D:15

Altars:
Ashenzari
Cheibriados
Dithmenos
Elyvilon
Fedhas
Gozag
Hepliaklqana
Kikubaaqudgha
Makhleb
Nemelex Xobeh
Okawaru
Qazlal
Ru
Sif Muna
Trog
Uskayaw
Vehumet
Wu Jian
Yredelemnul
Zin
The Shining One
Jiyva

Shops:
D:6 *   Orc:1 =   Orc:2 [:*[:   Snake:2 }?   Snake:3 }   Snake:4 *

Portals:
Trove: D:10 (give 14 scrolls of teleportation)

Annotations:
D:2 Sigmund
D:3 3 runed translucent doors, laxxamousse2's ghost, amateur OpTm
Snake:4 1 transporter, Winet's ghost, adept GnFi


Innate Abilities, Weirdness & Mutations

Your body is rotting away.
You thrive on raw meat.
You are immune to poison.
You have sharp fingernails.
You are carnivorous and can eat meat at any time.
Your flesh is cold resistant. (rC+)
You are immune to negative energy. (rN+++)
You do not regenerate when monsters are visible.
You are immune to unholy pain and torment.
You can survive without breathing.


Message History

The black mamba is almost dead.
You block the black mamba's attack. The black mamba completely misses you.
The guardian serpent hits you!
* * * LOW HITPOINT WARNING * * *
The black mamba bites you but does no damage.
The guardian serpent casts a spell at you.
The bolt of poison misses you. The black mamba misses you.
The guardian serpent gestures with its tail.
The black mamba blinks!
The moth of wrath blinks!
The guardian serpent blinks!
The moth of wrath bites you but does no damage.
The moth of wrath bites you.
* * * LOW HITPOINT WARNING * * *
As you read the scroll of fear, it crumbles to dust.
You assume a fearsome visage.
The moth of wrath looks frightened!
The guardian serpent looks frightened! x2; Winet's ghost is unaffected.
Your extra speed is starting to run out.
The black mamba rages.
You block the black mamba's attack. The black mamba bites you!
You die...

###### #####.......#####
#...............##
##......####©###..##
#...#####..###©##..#
#...#Sy.S#S@%...##.#
#..##...#...#....#.#
######..#S.$...#..##..#.##
##......#S†##†.©..#...#..#
#.......#.§...#.....#S##.#
.....##.##.##..[###..S.#.#
.....#...#...$$!?($#..##.#
....#'...##..#####..###..#
....#.....####.©.####...##


You could see a guardian serpent (fleeing) and a black mamba (berserk).

Vanquished Creatures
  Vashnia (Snake:4)
  Gastronok (Lair:3)
  Kirke (D:14)
  Agnes (Snake:4)
  9 nagarajas
  An orc warlord (D:11)
  The ghost of Wairalebb the Basher, a journeyman BaFi of Cheibriados (Lair:4)
  2 very ugly things (IceCv)
  A stone giant (Orc:2)
  Nessos (D:14)
  4 dire elephants (Lair:6)
  Snorg (Lair:3)
  10 hydras
  A yaktaur captain (D:8)
  3 ogre magi (Orc:2)
  8 naga warriors
  7 anacondas
  A death yak (D:11)
  A centaur warrior (D:13)
  14 two-headed ogres
  A deep troll earth mage (D:13)
  7 shock serpents
  A deep elf knight (D:13)
  15 naga sharpshooters
  A salamander mystic (Snake:4)
  3 sea snakes (Snake:2)
  An unseen horror (D:12)
  A wizard (D:14)
  7 naga ritualists
  A deep troll (Orc:2)
  2 deep elf magi
  2 necromancers (D:14)
  8 mana vipers
  5 ugly things
  6 oklob plants
  An orc sorcerer (Orc:1)
  5 manticores
  A wolf spider zombie (D:14)
  3 moths of wrath
  6 cyclopes
  2 guardian serpents (Snake:3)
  A salamander (shapeshifter) (D:14)
  13 salamanders
  2 merfolk sirens (Lair:2)
  A rust devil (D:9)
  Joseph (D:9)
  8 elephants
  27 black mambas
  14 naga magi
  2 centaur zombies
  5 ice statues (IceCv)
  2 rime drakes (Lair:3)
  A kobold demonologist (D:14)
  11 spiny frogs
  2 komodo dragons
  2 efreet
  A queen bee (Lair:3)
  13 trolls
  5 blink frogs (Lair:6)
  9 dream sheep (Lair:6)
  11 hippogriffs
  8 slime creatures
  A vampire (D:13)
  5 wyverns
  A dire elephant simulacrum (IceCv)
  6 basilisks
  Grum (D:11)
  4 wraiths
  6 hogs
  11 humans
  42 yaks
  3 hungry ghosts
  A steam dragon (D:7)
  3 harpy simulacra (IceCv)
  42 nagas
  Menkaure (D:4)
  2 insubstantial wisps (D:7)
  3 iron troll simulacra (IceCv)
  4 vampire mosquitoes (D:14)
  2 wargs
  2 soldier ants
  An acid dragon (D:12)
  A hydra simulacrum (IceCv)
  13 water moccasins
  11 porcupines
  10 ice beasts
  Purgy (D:4)
  5 black bears
  A meliai simulacrum (D:15)
  20 orc warriors
  21 wolves
  A necrophage (D:8)
  A phantom (D:9)
  8 sky beasts
  30 ogres
  10 centaurs
  16 crocodiles
  4 big kobolds
  16 bullfrogs
  A wyvern zombie (D:12)
  2 gnoll sergeants
  5 scorpions
  33 killer bees
  10 wights
  5 crimson imps
  A quasit (D:7)
  5 bullfrog zombies
  6 hounds
  27 orc wizards
  6 jellies
  2 bullfrog skeletons
  2 centaur skeletons
  10 orc priests
  3 iguanas
  A hell rat (Lair:3)
  14 worker ants
  2 killer bee zombies
  A hound skeleton (D:10)
  A hound zombie (D:8)
  Robin (D:2)
  2 worker ant zombies
  7 gnolls
  14 adders
  2 river rats (Lair:3)
  4 shadow imps
  An ooze (D:3)
  3 worms
  4 leopard geckos
  72 orcs
  7 ball pythons
  3 bats
  10 giant cockroaches
  10 goblins
  6 hobgoblins
  12 jackals
  13 kobolds
  7 quokkas
  11 frilled lizards
  A jackal zombie (D:8)
  4 rats
  A fungus (Lair:6)
  4 plants (Lair:6)
933 creatures vanquished.

Vanquished Creatures (collateral kills)
  A dire elephant (Lair:6)
  Josephine (Lair:6)
  3 hydras (Lair:6)
  A vault guard (D:14)
  3 naga warriors
  An iron troll (Orc:2)
  A sea snake (Snake:2)
  2 oklob plants
  2 black mambas
  A naga mage (Snake:4)
  A rust devil (D:9)
  2 spiny frogs
  2 merfolk (Lair:2)
  9 humans (D:14)
  4 nagas (Snake:4)
  2 water moccasins (Lair:3)
  A hydra simulacrum (IceCv)
  4 orc warriors
  4 crocodiles
  3 wolves
  A bullfrog (Lair:1)
  An orc priest (Orc:1)
  2 orcs (D:11)
  A plant (Lair:2)
53 creatures vanquished.

Vanquished Creatures (others)
  A necromancer (D:14)
  A naga (Snake:4)
  A jelly (D:8)
  An adder (D:8)
  2 orcs (Orc:1)
  A bush (D:9)
  16 fungi
  14 plants
37 creatures vanquished.

Grand Total: 1023 creatures vanquished

Notes
Turn   | Place    | Note
-------+----------+-------------------------------------------
     0 | D:1      | Dustman the Ghoul Monk began the quest for the Orb.
     0 | D:1      | Reached XP level 1. HP: 19/19 MP: 0/0
    72 | D:1      | Reached XP level 2. HP: 25/26 MP: 1/1
   351 | D:1      | Reached XP level 3. HP: 18/30 MP: 2/2
   425 | D:2      | Reached skill level 1 in Armour
   553 | D:3      | Reached XP level 4. HP: 40/40 MP: 3/3
   595 | D:3      | HP: 2/40 [something/puff of flame (8)]
   661 | D:3      | Reached skill level 4 in Fighting
   672 | D:3      | HP: 1/40 [worm (10)]
   734 | D:2      | Reached XP level 5. HP: 12/46 MP: 4/4
   786 | D:2      | Noticed Robin
   817 | D:2      | Killed Robin
   873 | D:3      | Found a sparkling altar of Nemelex Xobeh.
   873 | D:3      | Found a runed translucent gate.
   873 | D:3      | Found a runed translucent gate.
   873 | D:3      | Found a runed translucent gate.
   890 | D:3      | Noticed laxxamousse2's ghost (amateur OpTm)
   963 | D:2      | Found a shattered altar of Ashenzari.
   981 | D:2      | Noticed Sigmund
   995 | D:1      | You fall into a shaft and drop 1 floor!
  1136 | D:4      | Noticed Menkaure
  1143 | D:4      | Killed Menkaure
  1143 | D:4      | Reached XP level 6. HP: 37/53 MP: 5/5
  1230 | D:4      | Noticed Purgy
  1276 | D:4      | Killed Purgy
  1378 | D:3      | Reached skill level 5 in Fighting
  1462 | D:4      | Reached XP level 7. HP: 61/61 MP: 6/6
  1474 | D:4      | Found an ancient bone altar of Kikubaaqudgha.
  1604 | D:4      | Found a glowing drain.
  1629 | Sewer    | Entered a sewer
  1900 | D:5      | Entered Level 5 of the Dungeon
  2025 | D:5      | Found a snail-covered altar of Cheibriados.
  2028 | D:5      | Found a hazy altar of Hepliaklqana.
  2039 | D:5      | Found a white marble altar of Elyvilon.
  2238 | D:6      | Reached skill level 1 in Evocations
  2253 | D:6      | Reached skill level 6 in Fighting
  2253 | D:6      | Reached skill level 5 in Dodging
  2253 | D:6      | Reached XP level 8. HP: 57/70 MP: 6/8
  2375 | D:6      | Found an iron altar of Okawaru.
  2403 | D:6      | Found Avabin's Assorted Antiques.
  2439 | D:6      | Bought a silver wand for 104 gold pieces
  2439 | D:6      | Bought a scroll labeled LON ASMENAK for 26 gold pieces
  2439 | D:6      | Bought a scroll labeled LECIOPHAMI for 26 gold pieces
  2439 | D:6      | Bought a scroll labeled VUONOBAFATWY for 26 gold pieces
  2439 | D:6      | Bought a green potion for 23 gold pieces
  2439 | D:6      | Bought a white potion for 23 gold pieces
  3068 | D:6      | Identified the +5 ring mail of Goffar {rPois rF+ MP+9
                  | Str+4}
  3262 | D:6      | Reached skill level 7 in Fighting
  3289 | D:6      | Found a bloodstained altar of Trog.
  3361 | D:7      | Reached XP level 9. HP: 61/79 MP: 10/10
  3580 | D:7      | Reached skill level 5 in Unarmed Combat
  3677 | D:7      | Reached skill level 8 in Fighting
  3893 | D:7      | Reached skill level 1 in Shields
  3942 | D:7      | Found a staircase to the Ecumenical Temple.
  3953 | Temple   | Entered the Ecumenical Temple
  4037 | Temple   | Became a worshipper of Makhleb the Destroyer
  4037 | Temple   | Reached * piety under Makhleb
  4037 | Temple   | Reached ** piety under Makhleb
  4315 | D:8      | Noticed a manticore
  4340 | D:8      | Killed a manticore
  4340 | D:8      | Reached skill level 9 in Fighting
  4340 | D:8      | Reached XP level 10. HP: 45/91 MP: 12/12
  4429 | D:8      | Found a transporter.
  4429 | D:8      | Found a transporter.
  4429 | D:8      | Noticed a yaktaur captain
  4432 | D:8      | Noticed a two-headed ogre
  4464 | D:8      | Noticed a cyclops
  4536 | D:8      | Noticed a two-headed ogre
  4546 | D:8      | Killed a two-headed ogre
  4589 | D:9      | Noticed Joseph
  4874 | D:9      | Killed Joseph
  4899 | D:9      | Found a bloodstained altar of Trog.
  4908 | D:9      | Reached skill level 10 in Fighting
  5056 | D:9      | Reached *** piety under Makhleb
  5056 | D:9      | Reached XP level 11. HP: 100/100 MP: 13/13
  5203 | D:10     | Entered Level 10 of the Dungeon
  5397 | D:10     | Found a portal to a secret trove of treasure.
  5671 | D:10     | Reached skill level 11 in Fighting
  5883 | D:10     | Reached **** piety under Makhleb
  5944 | D:9      | Reached skill level 10 in Unarmed Combat
  6186 | D:11     | Noticed a cyclops
  6195 | D:11     | Killed a cyclops
  6409 | D:11     | Reached skill level 12 in Fighting
  6479 | D:11     | Found a staircase to the Orcish Mines.
  6490 | Orc:1    | Entered Level 1 of the Orcish Mines
  6490 | Orc:1    | Noticed an orc warlord
  6566 | D:11     | Noticed a death yak
  6567 | D:11     | Found a staircase to the Lair.
  6576 | D:11     | Noticed Grum
  6583 | D:11     | Killed a death yak
  6606 | D:11     | Killed Grum
  6721 | D:12     | Reached XP level 12. HP: 103/113 MP: 14/14
  6836 | Lair:1   | Entered Level 1 of the Lair of Beasts
  7036 | Lair:2   | Reached skill level 5 in Armour
  7141 | Lair:2   | Found a staircase to the Shoals.
  7226 | Lair:2   | Noticed a five-headed hydra
  7244 | Lair:2   | Killed a five-headed hydra
  7246 | Lair:2   | Reached skill level 13 in Fighting
  7294 | Lair:3   | Noticed Gastronok
  7305 | Lair:3   | Killed Gastronok
  7346 | Lair:2   | Found a sacrificial altar of Ru.
  7449 | Lair:3   | Noticed a six-headed hydra
  7459 | Lair:3   | Killed a six-headed hydra
  7604 | Lair:3   | Noticed Snorg
  7628 | Lair:3   | Killed Snorg
  7747 | Lair:3   | Identified the +9 flail of the Hierophant {venom, +Rage
                  | Int+4} (You found it on level 3 of the Lair of Beasts)
  7839 | Lair:4   | Found a staircase to the Snake Pit.
  7985 | Lair:4   | Noticed an eight-headed hydra
  8019 | Lair:4   | Killed an eight-headed hydra
  8019 | Lair:4   | Reached XP level 13. HP: 16/123 MP: 0/15
  8068 | Lair:4   | Noticed Wairalebb's ghost (journeyman BaFi)
  8078 | Lair:4   | Found a transporter.
  8102 | Lair:4   | Found a transporter.
  8284 | Lair:5   | You fall into a shaft and drop 1 floor!
  8284 | Lair:6   | Entered Level 6 of the Lair of Beasts
  8304 | Lair:6   | Found a staircase to the Slime Pits.
  8304 | Lair:6   | Found a viscous altar of Jiyva.
  8350 | Lair:6   | Reached skill level 14 in Fighting
  8576 | Lair:6   | Noticed Josephine
  8600 | Lair:6   | Killed Josephine
  9199 | Lair:5   | Reached skill level 15 in Fighting
  9573 | Lair:6   | Reached XP level 14. HP: 94/133 MP: 16/16
  9589 | Lair:6   | Reached skill level 10 in Dodging
  9862 | Lair:6   | Noticed a dire elephant
  9862 | Lair:6   | Noticed a dire elephant
  9904 | Lair:6   | Killed a dire elephant
  9914 | Lair:6   | Killed a dire elephant
  9950 | Lair:6   | Noticed a dire elephant
  9963 | Lair:6   | Killed a dire elephant
  9978 | Lair:6   | Noticed a dire elephant
 10003 | Lair:6   | Killed a dire elephant
 10012 | Lair:6   | Noticed a dire elephant
 10047 | Lair:6   | Killed a dire elephant
 10204 | Lair:4   | Killed Wairalebb's ghost
 10219 | Lair:4   | Got a clouded turquoise ring
 10274 | Lair:4   | Identified the ring of Mitub {rPois Int+5 Stlth+} (You
                  | found it on level 4 of the Lair of Beasts)
 10474 | Orc:1    | Found Ymoackokk's Jewellery Shoppe.
 10635 | D:11     | Killed an orc warlord
 10873 | Orc:2    | Entered Level 2 of the Orcish Mines
 11069 | Orc:2    | Found Goburuw's Armour Shop.
 11212 | Orc:2    | Found a staircase to the Elven Halls.
 11241 | Orc:2    | Noticed a stone giant
 11275 | Orc:2    | Killed a stone giant
 11275 | Orc:2    | Reached skill level 16 in Fighting
 11275 | Orc:2    | Reached skill level 5 in Shields
 11472 | Orc:2    | Reached XP level 15. HP: 144/144 MP: 17/17
 11479 | Orc:2    | Found Sewionk's Antique Armour Boutique.
 11526 | Orc:2    | Found Goejoa's Book Boutique.
 11585 | Orc:2    | Found Zedghimu's Book Shoppe.
 11590 | Orc:2    | Found Jibluido's General Store.
 12161 | D:6      | Bought quicksilver dragon scales for 1560 gold pieces
 12305 | D:8      | Reached ***** piety under Makhleb
 13304 | D:13     | Found a shattered altar of Ashenzari.
 13689 | D:14     | Noticed Nessos
 13695 | D:14     | Killed Nessos
 13827 | D:14     | Noticed Kirke
 13941 | D:13     | Learned a level 1 spell: Apportation
 14132 | D:15     | Entered Level 15 of the Dungeon
 14283 | D:14     | Killed Kirke
 14283 | D:14     | Reached skill level 1 in Spellcasting
 14283 | D:14     | Reached skill level 1 in Translocations
 14445 | D:14     | Found a gate to the Vaults.
 14590 | D:11     | Reached XP level 16. HP: 153/154 MP: 18/18
 14618 | D:11     | Reached skill level 17 in Fighting
 14625 | D:11     | Reached skill level 5 in Invocations
 15009 | Lair:2   | Reached ****** piety under Makhleb
 15553 | Lair:3   | Got a transparent plate armour
 15757 | Lair:4   | Identified the +4 plate armour of the Centipede {rF+} (You
                  | found it on level 3 of the Lair of Beasts)
 15763 | Snake:1  | Entered Level 1 of the Snake Pit
 16467 | Snake:2  | Found a frozen archway.
 16471 | Snake:2  | Found Tupsenacy's Magic Scroll Emporium.
 16507 | IceCv    | Entered an ice cave
 17387 | Snake:2  | Reached skill level 15 in Unarmed Combat
 17611 | Snake:3  | Found Hoidacill's Gadget Boutique.
 17774 | Snake:3  | Reached XP level 17. HP: 162/162 MP: 22/22
 18038 | Snake:4  | Entered Level 4 of the Snake Pit
 18679 | Snake:4  | Found Acraqiwk's General Store.
 18720 | Snake:4  | Noticed Vashnia
 18759 | Snake:4  | Killed Vashnia
 18759 | Snake:4  | Reached skill level 18 in Fighting
 18759 | Snake:4  | Reached skill level 10 in Armour
 18810 | Snake:4  | Found a transporter.
 18835 | Snake:4  | Noticed Winet's ghost (adept GnFi)
 19133 | Snake:4  | Noticed Agnes
 19146 | Snake:4  | Killed Agnes
 20082 | Snake:4  | Reached XP level 18. HP: 173/173 MP: 23/23
 20203 | Snake:4  | Got a serpentine rune of Zot
 20344 | Snake:4  | Found a transporter.
 20430 | Snake:4  | HP: 5/173 [moth of wrath (6)]
 20434 | Snake:4  | Mangled by a black mamba

Levels and vault maps discovered:
D:1:      minmay_arrival_open_corners, layout_loops_cross
D:2:      layout_loops_ring, ashenzari_conservatory_becter, doesnt_xom_only_xom,
          first_ration, uniq_robin, uniq_sigmund, uniq_crazy_yiuf_cottage
D:3:      layout_rooms, nemelex_xobeh_ov_fountains_minmay,
          gammafunk_ghost_necromancy, minmay_hedge_maze
D:4:      layout_basic, kennysheep_mini, cheibrodos_sewer_entry_bend,
          uniq_purgy, uniq_menkaure, uniq_natasha
D:5:      layout_cave_pods, grunt_temple_overflow_open
D:6:      layout_rooms, okawaru_gym_becter, serial_shops,
          nicolae_shop_statue_plus, basic_altar
D:7:      layout_basic, minmay_temple_entry_junction_2, hangedman_misty_isle
D:8:      gammafunk_the_bubble [the_bubble_gammafunk_plus_minus],
          layout_loops_ring, fedhas_altar_fruit_tree
D:9:      cheibrodos_iron_armory, layout_basic, trog_ov_bears_minmay,
          uniq_joseph
D:10:     layout_gridville, nicolae_trove_entry_columns, grunt_livestock
D:11:     layout_loops_cross, david_lair_generic, david_orc_4,
          roderic_roman_lattice, uniq_grum
D:12:     layout_gridville, serial_bayou_pond_a
D:13:     layout_roguey, minmay_ruined_shrine
D:14:     layout_basic, grunt_vaults_entry_tiered,
          hangedman_abyss_or_decor_lesser_grid, serial_glass, glass_columns_a,
          glass_columns_b, glass_columns_b, glass_columns_b, glass_columns_a,
          glass_columns_a, glass_columns_b, glass_columns_a, glass_columns_b,
          glass_columns_c, glass_columns_c, glass_columns_c, glass_columns_c,
          glass_columns_a, drop_trap, hex_tiny, st_stairs_6, uniq_nessos,
          uniq_kirke
D:15:     gammafunk_enter_depths_forms, layout_loops_ring,
          gammafunk_ghost_fury_of_okawaru, serial_shops,
          nicolae_shop_temple_entry_statues_fountains
Temple:   dpeg_chambers_temple
Lair:1:   layout_misc_corridors, lemuel_fruit_tree
Lair:2:   layout_cave_pods, elwin_shoals_entry_stream, basic_altar,
          chequers_serial_rivers_micro_d
Lair:3:   hangedman_what_comes_after_a, layout_hall_layers, uniq_gastronok,
          uniq_snorg
Lair:4:   dragon1_lemuel, layout_misc_corridors, guppyfry_snake_entry_garden,
          gammafunk_ghost_berserking_beasts, serial_bayou_shore_b,
          grunt_megastairs_1
Lair:5:   layout_cave_pods, serial_bayou_shore_b, grunt_megastairs_3,
          minmay_lair_oklob_chamber
Lair:6:   due_jungle_book, layout_loops_ring, slime_altar_1,
          serial_bayou_shore_b, uniq_josephine
Snake:1:  layout_layer_cave, drop_trap, uniq_roxanne
Snake:2:  layout_cave_town, portal_ice_cave_entry_pillars_2, serial_shops,
          shop_scrolls, nicolae_snake_springs
Snake:3:  layout_honeycomb, serial_shops, shop
Snake:4:  minmay_snake_end_coiled, layout_cave_town, serial_shops,
          shop_fountains, gammafunk_ghost_berserking_beasts, uniq_agnes,
          uniq_vashnia
Orc:1:    layout_caves, serial_shops, shop_statue
Orc:2:    st_orc_open, layout_diamond_mine, serial_shops, shop, mines4_lemuel

Skill      XL: |  1  2  3  4  5  6  7  8  9 10 11 12 13 14 15 16 17 18 |
---------------+-------------------------------------------------------+-----
Dodging        | 3 4 5 7 9 11 12 | 12.5
Armour         | 1 2 4 7 8 9 10 11 | 11.0
Stealth        | 3 4 |  4.0
Fighting       | 4 5 6 7 9 10 12 13 15 16 17 18 | 18.6
Unarmed Combat | 4 7 8 11 12 13 14 15 16 | 16.0
Evocations     | 1 3 4 |  4.0
Shields        | 2 4 5 7 8 |  8.0
Invocations    | 2 4 7 8 |  8.0
Spellcasting   | 1 4 |  4.0
Translocations | 2 4 |  4.0

Action                   |  1- 3 |  4- 6 |  7- 9 | 10-12 | 13-15 | 16-18 || total
-------------------------+-------+-------+-------+-------+-------+-------++-------
Melee: Unarmed           |    99 |   253 |   567 |   771 |  1538 |  1721 ||  4949
       Punch             |     1 |     6 |    14 |       |       |       ||    21
 Cast: Apportation       |       |       |       |       |       |     1 ||     1
Invok: Lesser Servant of |       |       |       |    17 |    31 |    28 ||    76
Evoke: Wand              |       |       |    18 |     8 |    22 |    32 ||    80
       Phial of floods   |       |       |       |       |     1 |       ||     1
       Sack of spiders   |       |       |       |       |       |     1 ||     1
  Use: Potion            |       |     2 |       |     4 |     9 |     8 ||    23
       Scroll            |       |       |    17 |     8 |    13 |     9 ||    47
 Stab: Sleeping          |     1 |     1 |     5 |    10 |     7 |     5 ||    29
       Invisible         |       |     2 |       |       |     6 |       ||     8
       Distracted        |       |       |       |     4 |     8 |    15 ||    27
  Eat: Chunk             |    12 |    31 |    29 |    57 |    69 |   104 ||   302
       Ration            |       |       |       |       |     2 |       ||     2
Armor: Robe              |    14 |     5 |       |       |       |       ||    19
       Scale mail        |       |   122 |   164 |       |       |       ||   286
       Ring mail         |       |       |    84 |   197 |   202 |       ||   483
       Quicksilver drago |       |       |       |       |   134 |   422 ||   556
Dodge: Dodged            |    63 |   167 |   323 |   389 |   931 |  1126 ||  2999
Block: Buckler           |       |       |       |   138 |   501 |   732 ||  1371
